MLB
CINCINNATI REDS @ CHICAGO CUBS
07/24/2049
 
TOP OF THE 1ST
Cincinnati Reds batting - Pitching for Chicago Cubs : RHP Brian Bailes
Pitching: RHP Brian Bailes
Batting: LHB Ricky Ayon 0-0: Called Strike
0-1: Ball
1-1: SINGLE (Line Drive, 6M, EV 102.5 MPH)
Batting: SHB Jun Tsuda 0-0: Called Strike
0-1: Foul Ball, location: 2F
0-2: SINGLE (Groundball, 4MS, EV 68.8 MPH) (infield hit)
Ricky Ayon to second
Batting: RHB Tony Casas 0-0: Swinging Strike
0-1: Fly out, F4 (Popup, 34D, EV 44.4 MPH)
Batting: LHB Chris Grunwald 0-0: Ball
1-0: Foul Ball, location: 2F
1-1: Ball
2-1: Foul Ball, location: 2F
2-2: Grounds into double play, 6-4-3 (Groundball, 56, EV 100.0 MPH)
Top of the 1st over - 0 runs, 2 hits, 0 errors, 1 left on base; Cincinnati 0 - Chicago 0
BOTTOM OF THE 1ST
Chicago Cubs batting - Pitching for Cincinnati Reds : LHP Dave Rivera
Pitching: LHP Dave Rivera
Batting: RHB Steve Bartman Jr. 0-0: Ball
1-0: SOLO HOME RUN (Flyball, 78XD, EV 106.2 MPH), Distance : 402 ft
Batting: SHB Tze-meng Gan 0-0: Ball
1-0: Called Strike
1-1: SINGLE (Flyball, 56D, EV 88.8 MPH)
Batting: RHB Xavier Davis 0-0: Foul Ball, location: 2F
0-1: 2-RUN HOME RUN (Flyball, 78XD, EV 108.8 MPH), Distance : 408 ft
Batting: RHB Jose Balderrama 0-0: Ball
1-0: Ground out 6-3 (Groundball, P, EV 91.2 MPH)
Batting: SHB Moe Lester 0-0: SINGLE (Groundball, 56S, EV 65.6 MPH) (infield hit)
Batting: SHB Gabriel Cruz 0-0: Ball
1-0: Called Strike
1-1: Ball
2-1: Ball
3-1: Fly out, F9 (Flyball, 9, EV 90.0 MPH)
Batting: LHB Kevin Norton 0-0: Ball
1-0: Ball
2-0: Ball
3-0: Base on Balls
Moe Lester to second
Batting: RHB Alan Oxenrider 0-0: Ball
1-0: Ball
2-0: SINGLE (Line Drive, 8LS, EV 93.1 MPH)
Moe Lester to third
Kevin Norton to second
Runner from 3rd tries for Home, SAFE, throw by CF to home
Batting: LHB Jon Schick 0-0: SINGLE (Groundball, 4MD, EV 94.4 MPH)
Kevin Norton to third
Alan Oxenrider to second
Batting: RHB Steve Bartman Jr. 0-0: Swinging Strike
0-1: Ball
1-1: Called Strike
1-2: Reached on error, E1 (Groundball, 34S, EV 64.4 MPH)
Kevin Norton scores
Alan Oxenrider to third
Jon Schick to second
Batting: SHB Tze-meng Gan 0-0: Ball
1-0: Ball
2-0: Ball
Wild Pitch!
Alan Oxenrider scores
Jon Schick to third
Steve Bartman Jr. to second
3-0: Called Strike
3-1: Foul Ball, location: 2F
3-2: Fly out, F2 (Popup, 2RF, EV 93.8 MPH)
Bottom of the 1st over - 6 runs, 6 hits, 1 error, 2 left on base; Cincinnati 0 - Chicago 6
TOP OF THE 2ND
Cincinnati Reds batting - Pitching for Chicago Cubs : RHP Brian Bailes
Batting: RHB Willie Lazcano 0-0: Hit by Pitch
Batting: RHB Omar Quintana 0-0: Ball
1-0: Ball
Willie Lazcano steals 2nd base
2-0: Swinging Strike
2-1: Ball
3-1: Fly out, F7 (Line Drive, 7, EV 103.1 MPH)
Batting: SHB Saulo Maina 0-0: Called Strike
0-1: Reached on error, E1 (Groundball, 13, EV 67.5 MPH)
Willie Lazcano to third
Batting: RHB Steve Castleberry 0-0: Called Strike
Saulo Maina steals 2nd base
0-1: Fly out, F8 (Flyball, 8RS, EV 93.1 MPH)
Runner from 3rd tags up, SCORES, throw by CF
Batting: RHB Joseph Kirchmann 0-0: Called Strike
0-1: Foul Ball, location: 2F
0-2: Ball
1-2: Ball
2-2: Ground out 5-3 (Groundball, 56D, EV 98.1 MPH)
Top of the 2nd over - 1 run, 0 hits, 1 error, 1 left on base; Cincinnati 1 - Chicago 6
BOTTOM OF THE 2ND
Chicago Cubs batting - Pitching for Cincinnati Reds : LHP Dave Rivera
Batting: RHB Xavier Davis 0-0: Ball
1-0: Called Strike
1-1: Called Strike
1-2: Ground out 6-3 (Groundball, 6S, EV 85.0 MPH)
Batting: RHB Jose Balderrama 0-0: Ball
1-0: Fly out, F7 (Line Drive, 7, EV 88.8 MPH)
Batting: SHB Moe Lester 0-0: Ball
1-0: Ground out 6-3 (Groundball, 6MS, EV 81.9 MPH)
Bottom of the 2nd over - 0 runs, 0 hits, 0 errors, 0 left on base; Cincinnati 1 - Chicago 6
TOP OF THE 3RD
Cincinnati Reds batting - Pitching for Chicago Cubs : RHP Brian Bailes
Batting: LHB Ricky Ayon 0-0: Ball
1-0: Foul Ball, location: 2F
1-1: Ground out 4-3 (Groundball, 4, EV 97.5 MPH)
Batting: SHB Jun Tsuda 0-0: Called Strike
0-1: Ball
1-1: Foul Ball, location: 2F
1-2: Foul Ball, location: 2F
1-2: Ball
2-2: Ball
3-2: Base on Balls
Batting: RHB Tony Casas 0-0: Called Strike
0-1: Ball
1-1: Ball
2-1: Foul Ball, location: 2F
2-2: Foul Ball, location: 2F
2-2: Grounds into double play, 6-4-3 (Groundball, 6, EV 94.4 MPH)
Top of the 3rd over - 0 runs, 0 hits, 0 errors, 0 left on base; Cincinnati 1 - Chicago 6
BOTTOM OF THE 3RD
Chicago Cubs batting - Pitching for Cincinnati Reds : LHP Dave Rivera
Batting: SHB Gabriel Cruz 0-0: SINGLE (Groundball, 5S, EV 60.0 MPH) (infield hit)
Pitching: LHP Brad Jonas
Batting: LHB Kevin Norton 0-0: Called Strike
Gabriel Cruz is caught stealing 2nd base 2-6
0-1: Ball
1-1: Ball
2-1: Reached on error, E4 (Groundball, 34, EV 83.8 MPH)
Batting: RHB Alan Oxenrider 0-0: Ball
1-0: Ball
2-0: Ball
3-0: Called Strike
3-1: Base on Balls
Kevin Norton to second
Batting: LHB Jon Schick 0-0: Ball
1-0: Grounds into double play, 4-6-3 (Groundball, 4, EV 85.6 MPH)
Bottom of the 3rd over - 0 runs, 1 hit, 1 error, 1 left on base; Cincinnati 1 - Chicago 6
TOP OF THE 4TH
Cincinnati Reds batting - Pitching for Chicago Cubs : RHP Brian Bailes
Batting: LHB Chris Grunwald 0-0: Called Strike
0-1: Swinging Strike
0-2: Ball
1-2: Foul Ball, location: 2F
1-2: Strikes out swinging
Batting: RHB Willie Lazcano 0-0: Called Strike
0-1: Foul Ball, location: 2F
0-2: Foul Ball, location: 2F
0-2: Ball
1-2: Ball
2-2: Foul Ball, location: 2F
2-2: SINGLE (Groundball, 4D, EV 101.9 MPH)
Batting: RHB Omar Quintana 0-0: Called Strike
Willie Lazcano is caught stealing 2nd base 2-4
0-1: Foul Ball, location: 2F
0-2: Foul Ball, location: 2F
0-2: Ball
1-2: Strikes out swinging
Top of the 4th over - 0 runs, 1 hit, 0 errors, 0 left on base; Cincinnati 1 - Chicago 6
BOTTOM OF THE 4TH
Chicago Cubs batting - Pitching for Cincinnati Reds : LHP Brad Jonas
Batting: RHB Steve Bartman Jr. 0-0: Called Strike
0-1: Hit by Pitch
Batting: SHB Tze-meng Gan 0-0: Ball
1-0: Called Strike
1-1: Foul Ball, location: 2F
1-2: Foul Ball, location: 2F
1-2: Ball
2-2: Grounds into double play, 6-4-3 (Groundball, 6, EV 98.8 MPH)
Batting: RHB Xavier Davis 0-0: Ball
1-0: Ball
2-0: Ball
3-0: Base on Balls
Batting: RHB Jose Balderrama 0-0: Swinging Strike
0-1: Ball
1-1: Ball
2-1: Called Strike
2-2: Foul Ball, location: 2F
2-2: Ball
3-2: Strikes out swinging
Bottom of the 4th over - 0 runs, 0 hits, 0 errors, 1 left on base; Cincinnati 1 - Chicago 6
TOP OF THE 5TH
Cincinnati Reds batting - Pitching for Chicago Cubs : RHP Brian Bailes
Batting: SHB Saulo Maina 0-0: Fly out, F7 (Flyball, 78M, EV 75.6 MPH)
Batting: RHB Steve Castleberry 0-0: Called Strike
0-1: Foul Ball, location: 2F
0-2: Strikes out swinging
Batting: RHB Joseph Kirchmann 0-0: Ground out 6-3 (Groundball, 6, EV 86.2 MPH)
Top of the 5th over - 0 runs, 0 hits, 0 errors, 0 left on base; Cincinnati 1 - Chicago 6
BOTTOM OF THE 5TH
Chicago Cubs batting - Pitching for Cincinnati Reds : LHP Brad Jonas
Batting: SHB Moe Lester 0-0: Foul Ball, location: 2F
0-1: Ball
1-1: Ball
2-1: Called Strike
2-2: Foul Ball, location: 2F
2-2: Foul Ball, location: 2F
2-2: Foul Ball, location: 2F
2-2: Foul Ball, location: 2F
2-2: Ball
3-2: Strikes out swinging
Batting: SHB Gabriel Cruz 0-0: Ball
1-0: Ball
2-0: Ball
3-0: Base on Balls
Batting: LHB Kevin Norton 0-0: Foul Ball, location: 2F
0-1: Called Strike
0-2: Strikes out swinging
Pitching: RHP Justin Ambrose
Batting: RHB Alan Oxenrider 0-0: Called Strike
0-1: Foul Ball, location: 2F
0-2: Strikes out looking
Bottom of the 5th over - 0 runs, 0 hits, 0 errors, 1 left on base; Cincinnati 1 - Chicago 6
TOP OF THE 6TH
Cincinnati Reds batting - Pitching for Chicago Cubs : RHP Brian Bailes
Batting: LHB Ricky Ayon 0-0: Ball
1-0: Called Strike
1-1: Ball
2-1: Swinging Strike
2-2: Strikes out swinging
Batting: SHB Jun Tsuda 0-0: Ball
1-0: Ball
2-0: Ground out 4-3 (Groundball, 4, EV 83.8 MPH)
Batting: RHB Tony Casas 0-0: Swinging Strike
0-1: Foul Ball, location: 2F
0-2: Foul Ball, location: 2F
0-2: Ball
1-2: Ball
2-2: Foul Ball, location: 2F
2-2: Strikes out looking
Top of the 6th over - 0 runs, 0 hits, 0 errors, 0 left on base; Cincinnati 1 - Chicago 6
BOTTOM OF THE 6TH
Chicago Cubs batting - Pitching for Cincinnati Reds : RHP Justin Ambrose
Batting: LHB Jon Schick 0-0: Swinging Strike
0-1: Ball
1-1: Swinging Strike
1-2: Ball
2-2: Strikes out swinging
Batting: RHB Steve Bartman Jr. 0-0: Ball
1-0: Ground out 5-3 (Groundball, 56S, EV 85.6 MPH)
Batting: SHB Tze-meng Gan 0-0: Ball
1-0: Swinging Strike
1-1: Swinging Strike
1-2: Foul Ball, location: 2F
1-2: Ball
2-2: Strikes out swinging
Bottom of the 6th over - 0 runs, 0 hits, 0 errors, 0 left on base; Cincinnati 1 - Chicago 6
TOP OF THE 7TH
Cincinnati Reds batting - Pitching for Chicago Cubs : RHP Brian Bailes
Batting: LHB Chris Grunwald 0-0: Called Strike
0-1: Ball
1-1: Fly out, F9 (Flyball, 9, EV 83.8 MPH)
Batting: RHB Willie Lazcano 0-0: Called Strike
0-1: Foul Ball, location: 2F
0-2: Strikes out looking
Batting: RHB Omar Quintana 0-0: Ground out 5-3 (Groundball, 56, EV 93.1 MPH)
Top of the 7th over - 0 runs, 0 hits, 0 errors, 0 left on base; Cincinnati 1 - Chicago 6
BOTTOM OF THE 7TH
Chicago Cubs batting - Pitching for Cincinnati Reds : RHP Justin Ambrose
Batting: RHB Xavier Davis 0-0: Ball
1-0: Ball
2-0: Ball
3-0: Base on Balls
Batting: RHB Jose Balderrama 0-0: Called Strike
0-1: Swinging Strike
0-2: Fly out, F8 (Flyball, 8RD, EV 92.5 MPH)
Batting: SHB Moe Lester 0-0: Ball
1-0: Ball
2-0: Ball
3-0: Called Strike
3-1: Called Strike
3-2: Foul Ball, location: 2F
3-2: SINGLE (Line Drive, 4M, EV 109.4 MPH)
Xavier Davis to second
Batting: SHB Gabriel Cruz 0-0: Ball
1-0: Ball
2-0: Foul Ball, location: 2F
2-1: Swinging Strike
2-2: Ball
3-2: Foul Ball, location: 2F
3-2: Grounds out, U3 (Groundball, 3L, EV 83.1 MPH)
Xavier Davis to third
Batting: LHB Kevin Norton 0-0: Intentional Walk
Batting: RHB Alan Oxenrider 0-0: Swinging Strike
0-1: Ball
1-1: Foul Ball, location: 2F
1-2: Ball
2-2: Foul Ball, location: 2F
2-2: Foul Ball, location: 2F
2-2: Foul Ball, location: 2F
2-2: Foul Ball, location: 2F
2-2: Foul Ball, location: 2F
2-2: Foul Ball, location: 2F
2-2: Foul Ball, location: 2F
2-2: Foul Ball, location: 2F
2-2: Foul Ball, location: 2F
2-2: Fly out, F9 (Line Drive, 9LM, EV 98.1 MPH)
Bottom of the 7th over - 0 runs, 1 hit, 0 errors, 3 left on base; Cincinnati 1 - Chicago 6
TOP OF THE 8TH
Cincinnati Reds batting - Pitching for Chicago Cubs : RHP Brian Bailes
Batting: SHB Saulo Maina 0-0: Ball
1-0: Foul Ball, location: 2F
1-1: Swinging Strike
1-2: Ball
2-2: Ground out 6-3 (Groundball, 4D, EV 86.2 MPH)
Batting: RHB Steve Castleberry 0-0: Called Strike
0-1: Called Strike
0-2: SINGLE (Flyball, 5D, EV 87.5 MPH)
Batting: RHB Joseph Kirchmann 0-0: Ball
1-0: Called Strike
1-1: Called Strike
1-2: Ball
2-2: Fly out, F9 (Line Drive, 89M, EV 92.5 MPH)
Pitching: RHP Heef Harted
Batting: LHB Ricky Ayon 0-0: Called Strike
0-1: Ball
1-1: Called Strike
1-2: Ground out U3 (Groundball, 3L, EV 76.9 MPH)
Top of the 8th over - 0 runs, 1 hit, 0 errors, 1 left on base; Cincinnati 1 - Chicago 6
BOTTOM OF THE 8TH
Chicago Cubs batting - Pitching for Cincinnati Reds : RHP Justin Ambrose
Pitching: RHP Matt Flink
Batting: LHB Jon Schick 0-0: Called Strike
0-1: Ground out 4-3 (Groundball, 4D, EV 103.1 MPH)
Batting: RHB Steve Bartman Jr. 0-0: Ball
1-0: Ball
2-0: Foul Ball, location: 2F
2-1: Ball
3-1: Ground out 6-3 (Groundball, 6, EV 91.2 MPH)
Batting: SHB Tze-meng Gan 0-0: Ball
1-0: Called Strike
1-1: Ball
2-1: Ball
3-1: Base on Balls
Batting: RHB Xavier Davis 0-0: Foul Ball, location: 2F
0-1: Called Strike
0-2: Ground out 5-3 (Groundball, 56S, EV 69.4 MPH)
Bottom of the 8th over - 0 runs, 0 hits, 0 errors, 1 left on base; Cincinnati 1 - Chicago 6
TOP OF THE 9TH
Cincinnati Reds batting - Pitching for Chicago Cubs : RHP Heef Harted
Batting: SHB Jun Tsuda 0-0: Ball
1-0: TRIPLE (Flyball, 9D, EV 95.0 MPH)
Batting: RHB Tony Casas 0-0: Called Strike
0-1: Ball
1-1: Called Strike
1-2: Ball
2-2: Fly out, F7 (Flyball, 7S, EV 91.9 MPH)
Batting: LHB Chris Grunwald 0-0: SINGLE (Groundball, 4MS, EV 63.1 MPH) (infield hit)
Jun Tsuda scores
Batting: RHB Willie Lazcano 0-0: Called Strike
0-1: Ball
1-1: Swinging Strike
1-2: Foul Ball, location: 2F
1-2: Strikes out swinging
Batting: RHB Omar Quintana 0-0: Ball
1-0: Called Strike
1-1: Ball
2-1: Swinging Strike
2-2: Ball
Wild Pitch!
Chris Grunwald to second
3-2: Foul Ball, location: 2F
3-2: Base on Balls
Pitching: RHP Ryohei Uda
Batting: SHB Saulo Maina 0-0: Ball
1-0: Foul Ball, location: 2F
1-1: Ball
2-1: Ball
3-1: Swinging Strike
3-2: Strikes out swinging
Top of the 9th over - 1 run, 2 hits, 0 errors, 2 left on base; Cincinnati 2 - Chicago 6
Sunday, July 16th , 2023 - OOTP Baseball 24.6 Build 69